 Dungeon Crawl Stone Soup version 0.31-a0-180-g519b7de00c (webtiles) character file.

Game seed: 10579605050596752511

1619 qw the Cleaver (level 8, -8/52 HPs)
             Began as a Gargoyle Fighter on June 19, 2023.
             Mangled by a hornet (12 damage)
             ... on level 8 of the Dungeon.
             The game lasted 00:02:39 (4956 turns).

qw the Cleaver (Gargoyle Fighter)                   Turns: 4956, Time: 00:02:39

Health: -8/52      AC: 17    Str: 21    XL:     8   Next: 96%
Magic:  8/8        EV:  9    Int: 10    God:
Gold:   265        SH:  4    Dex:  9    Spells: 7/7 levels left

rFire   + . .        j - +2 war axe (flame)
rCold   . . .        c - +0 buckler
rNeg    + . .        n - +0 chain mail
rPois   inf          (helmet restricted)
rElec   +            l - +2 cloak
rCorr   .            (no gloves)
SInv    .            (no boots)
Will    .....        (no amulet) Stlth
                     (no ring)
HPRegen 0.28/turn    (no ring)
MPRegen 0.11/turn

%: no passive effects
@: no status effects
A: sickness immunity, AC +5, negative energy resistance 1, electricity
resistance, torment resistance 1, petrification resistance, antennae 1, fire
resistance 1, sturdy frame 1
a: no special abilities


You were on level 8 of the Dungeon.
You visited 1 branch of the dungeon, and saw 6 of its levels.

You collected 265 gold pieces.


Innate Abilities, Weirdness & Mutations

You are immune to sickness and miasma.
Your stone body is resilient. (AC +5)
You are immune to poison.
You resist negative energy. (rN+)
You are resistant to electric shocks. (rElec)
You are resistant to unholy torment.
You are immune to petrification.
You have a pair of small antennae on your head.
Your flesh is heat resistant. (rF+)
Your movements are slightly less encumbered by armour. (ER -2)


   Skills:
 - Level 6.9 Fighting
 - Level 8.1 Axes
 - Level 2.9 Throwing
 + Level 3.2 Armour
 - Level 1.0 Dodging
 - Level 3.2 Shields


You had 7 spell levels left.
You didn't know any spells.
Your spell library was empty.

Inventory:

Hand Weapons
 j - a +2 war axe of flaming (weapon)
Armour
 c - a +0 buckler (worn)
 l - a +2 cloak (worn)
 n - a +0 chain mail (worn)
Jewellery
 b - a ring of willpower
 p - a ring of see invisible
Scrolls
 i - 2 scrolls of identify
 o - a scroll of revelation {unknown}
Potions
 a - 3 potions of mutation
 d - a potion of might
 e - a potion of lignification {unknown}
 f - a potion of brilliance {unknown}
 g - a potion of ambrosia {unknown}
 h - a potion of resistance {unknown}
 k - a potion of curing

Dungeon Overview and Level Annotations

Branches:
Dungeon (5/15)
 Temple: D:4-7

Altars:
Ashenzari
Xom


Message History

The yak barely misses you. x2
You barely miss the yak.
The yak is almost dead.
You hit the yak but do no damage. The yak gores you but does no damage.
The yak gores you! You block the yak's attack. The yak barely misses you.
You hit the yak. You burn the yak.
You kill the yak!
You hit the hornet. You burn the hornet. You slash the yak! You burn the yak.
You kill the yak!
The hornet stings you.
A bullfrog comes into view.
The hornet stings you.
Your Fighting skill increases to level 6!
The bullfrog croaks.
You hit the hornet but do no damage.
The hornet is lightly wounded.
The hornet barely misses you. The hornet stings you!
You hit the hornet but do no damage.
The hornet is lightly wounded.
The hornet stings you but does no damage.
You hit the hornet but do no damage.
The hornet is lightly wounded.
The hornet stings you but does no damage.
The hornet stings you!
You slash the hornet! You burn the hornet.
The hornet is heavily wounded.
You block the hornet's attack. The hornet stings you! The bullfrog hits you.
You slash the hornet! You burn the hornet.
The hornet is severely wounded.
You slash the bullfrog! You burn the bullfrog.
The bullfrog hits you but does no damage.
You block the hornet's attack.
The bullfrog hits you but does no damage.
The hornet stings you but does no damage.
You closely miss the hornet.
The hornet is severely wounded.
You slash the bullfrog! You burn the bullfrog. The bullfrog hits you.
The hornet stings you!
You die...

(#(## ###....##
#(......##
##........
.....##..
...####........
#......%...#
#@y..# #.F..#
#....# #....#
######


You could see a hornet and a bullfrog.

Vanquished Creatures
  Sigmund (D:2)
  3 yaks (D:8)
  An ice beast (D:4)
  A phantom (D:4)
  An ogre (D:4)
  A kobold brigand (D:5)
  4 killer bees (D:4)
  4 crimson imps (D:3)
  2 hounds (D:5)
  2 orc priests (D:4)
  An iguana (D:4)
  An orc wizard (D:4)
  4 adders
  6 gnolls
  A white imp (D:5)
  2 dart slugs
  12 orcs
  5 bats
  5 endoplasms
  12 giant cockroaches
  6 hobgoblins
  6 jackals
  4 quokkas
  8 ball pythons
  4 frilled lizards
  3 goblins
  24 kobolds
  5 rats
129 creatures vanquished.

Vanquished Creatures (others)
  A kobold (D:5)
1 creature vanquished.

Grand Total: 130 creatures vanquished

Notes
Turn   | Place    | Note
-------+----------+-------------------------------------------
     0 | D:1      | qw the Gargoyle Fighter began the quest for the Orb.
     0 | D:1      | Reached XP level 1. HP: 14/14 MP: 1/1
     0 | D:1      | 0 ||| qw: Version: 0.3-a-7-ge0c9b40
     0 | D:1      | 0 ||| qw: Game counter: 925
     0 | D:1      | 0 ||| qw: Always use a shield: true
     0 | D:1      | 0 ||| qw: God list: Okawaru
     0 | D:1      | 0 ||| qw: Allow faded altars: false
     0 | D:1      | 0 ||| qw: Do Orc after D:15 true
     0 | D:1      | 0 ||| qw: Do second Lair branch before Depths: true
     0 | D:1      | 0 ||| qw: Lair rune preference: random
     0 | D:1      | 0 ||| qw: Plans: Normal, Zot:1-4, Slime:5, God:TSO, Crypt,
                  | Tomb, Abyss, Pan, Hells, Win
     0 | D:1      | 0 ||| PLANNING D:1-11
   169 | D:1      | Reached skill level 2 in Axes
   300 | D:1      | 300 ||| Stepping ~*~*~tactically~*~*~ (hiding).
   307 | D:1      | Reached XP level 2. HP: 19/19 MP: 2/2
   443 | D:1      | 443 ||| Stepping ~*~*~tactically~*~*~ (stealth).
   645 | D:1      | 645 ||| DROPPING +0 club.
   995 | D:1      | 995 ||| UPGRADING to +0 helmet.
  1000 | D:1      | 1000 ||| READING scroll labelled VOEKATE ZEARCH.
  1001 | D:1      | 1001 ||| READING scroll labelled QIECON WAUKUNA.
  1002 | D:1      | 1002 ||| READING 2 scrolls labelled WIV NARIEPREYKH.
  1025 | D:2      | Reached skill level 3 in Axes
  1090 | D:2      | 1090 ||| Stepping ~*~*~tactically~*~*~ (stealth).
  1093 | D:2      | Reached XP level 3. HP: 23/23 MP: 3/3
  1093 | D:2      | 1093 ||| Stepping ~*~*~tactically~*~*~ (stealth).
  1142 | D:2      | Noticed Sigmund
  1143 | D:2      | 1143 ||| Stepping ~*~*~tactically~*~*~ (hiding).
  1163 | D:2      | Killed Sigmund
  1164 | D:2      | Reached skill level 5 in Axes
  1164 | D:2      | Reached XP level 4. HP: 22/28 MP: 4/4
  1164 | D:2      | Reached XP level 5. HP: 25/32 MP: 5/5
  1717 | D:2      | 1717 ||| READING scroll labelled AMURAF VOVO.
  1718 | D:2      | 1718 ||| DRINKING 2 white potions.
  1718 | D:2      | Gained mutation: You have a pair of small antennae on your
                  | head. [potion of mutation]
  1718 | D:2      | Gained mutation: Your flesh is heat resistant. (rF+)
                  | [potion of mutation]
  1718 | D:2      | Gained mutation: Your movements are slightly less
                  | encumbered by armour. (ER -2) [potion of mutation]
  1719 | D:2      | 1719 ||| DROPPING +0 helmet.
  1720 | D:2      | 1720 ||| DRINKING 2 glowing clear potions.
  1721 | D:2      | 1721 ||| DRINKING 2 viscous green potions.
  1826 | D:2      | 1826 ||| DROPPING potion of berserk rage.
  1884 | D:3      | 1884 ||| DROPPING +0 whip.
  1897 | D:3      | Found a shimmering altar of Xom.
  1915 | D:3      | Reached XP level 6. HP: 36/38 MP: 6/6
  1918 | D:3      | Reached skill level 1 in Dodging
  2224 | D:3      | 2224 ||| Stepping ~*~*~tactically~*~*~ (stealth).
  2231 | D:3      | 2231 ||| Stepping ~*~*~tactically~*~*~ (stealth).
  2268 | D:3      | Found a broken altar of Ashenzari.
  2440 | D:3      | 2440 ||| Stepping ~*~*~tactically~*~*~ (stealth).
  2470 | D:3      | 2470 ||| Stepping ~*~*~tactically~*~*~ (stealth).
  2472 | D:3      | 2472 ||| Stepping ~*~*~tactically~*~*~ (hiding).
  2506 | D:3      | 2506 ||| Stepping ~*~*~tactically~*~*~ (stealth).
  2509 | D:3      | 2509 ||| Stepping ~*~*~tactically~*~*~ (stealth).
  2542 | D:3      | Found a faded altar of an unknown god.
  2858 | D:3      | 2858 ||| READING scroll labelled DOUXTASYRO.
  2861 | D:3      | 2861 ||| READING scroll labelled JAJ NESSYIMEWN.
  2862 | D:3      | 2862 ||| READING scroll labelled IDUSOD PIUL.
  2862 | D:3      | Identified a scroll of acquirement
  2862 | D:3      | 2862 ||| ACQUIRING +2 war axe of flaming
  2862 | D:3      | Acquired a +2 war axe of flaming
  2864 | D:3      | 2864 ||| SWAPPING to +2 war axe of flaming.
  2865 | D:3      | 2865 ||| DROPPING +0 flail.
  2866 | D:3      | 2866 ||| DROPPING +1 war axe.
  2911 | D:4      | 2911 ||| STAIRDANCE
  2987 | D:4      | 2987 ||| Stepping ~*~*~tactically~*~*~ (stealth).
  2999 | D:4      | Reached skill level 6 in Axes
  3067 | D:4      | 3067 ||| Stepping ~*~*~tactically~*~*~ (stealth).
  3070 | D:4      | 3070 ||| Stepping ~*~*~tactically~*~*~ (stealth).
  3099 | D:4      | 3099 ||| Stepping ~*~*~tactically~*~*~ (stealth).
  3105 | D:4      | 3105 ||| Stepping ~*~*~tactically~*~*~ (hiding).
  3111 | D:4      | Reached XP level 7. HP: 22/43 MP: 7/7
  3115 | D:4      | HP: 8/43 [killer bee (3)]
  3120 | D:4      | 3120 ||| FLEEEEING.
  3122 | D:4      | 3122 ||| FLEEEEING.
  3123 | D:4      | 3123 ||| FLEEEEING.
  3258 | D:4      | 3258 ||| Stepping ~*~*~tactically~*~*~ (stealth).
  3292 | D:4      | HP: 5/43 [ogre/+0 giant spiked club (27)]
  3296 | D:4      | Reached skill level 7 in Axes
  3602 | D:4      | 3602 ||| Stepping ~*~*~tactically~*~*~ (hiding).
  3603 | D:4      | 3603 ||| Stepping ~*~*~tactically~*~*~ (hiding).
  3614 | D:4      | Reached skill level 1 in Throwing
  3614 | D:4      | Reached XP level 8. HP: 49/49 MP: 8/8
  3626 | D:4      | 3626 ||| Stepping ~*~*~tactically~*~*~ (stealth).
  3737 | D:4      | 3737 ||| UPGRADING to +2 cloak.
  3742 | D:4      | 3742 ||| UPGRADING to +0 chain mail.
  3752 | D:4      | 3752 ||| DROPPING +0 scale mail.
  3769 | D:5      | Entered Level 5 of the Dungeon
  3777 | D:5      | 3777 ||| STAIRDANCE
  3909 | D:5      | 3909 ||| Stepping ~*~*~tactically~*~*~ (stealth).
  3925 | D:5      | 3925 ||| Stepping ~*~*~tactically~*~*~ (stealth).
  3929 | D:5      | 3929 ||| FLEEEEING.
  3930 | D:5      | 3930 ||| FLEEEEING.
  4032 | D:5      | 4032 ||| Stepping ~*~*~tactically~*~*~ (hiding).
  4033 | D:5      | 4033 ||| Stepping ~*~*~tactically~*~*~ (hiding).
  4034 | D:5      | 4034 ||| Stepping ~*~*~tactically~*~*~ (hiding).
  4045 | D:5      | Reached skill level 8 in Axes
  4048 | D:5      | 4048 ||| Stepping ~*~*~tactically~*~*~ (stealth).
  4066 | D:5      | 4066 ||| Stepping ~*~*~tactically~*~*~ (stealth).
  4069 | D:5      | 4069 ||| Stepping ~*~*~tactically~*~*~ (hiding).
  4182 | D:5      | 4182 ||| FLEEEEING.
  4183 | D:5      | 4183 ||| FLEEEEING.
  4184 | D:5      | 4184 ||| FLEEEEING.
  4189 | D:5      | 4189 ||| FLEEEEING.
  4190 | D:5      | 4190 ||| FLEEEEING.
  4191 | D:5      | 4191 ||| FLEEEEING.
  4192 | D:5      | 4192 ||| FLEEEEING.
  4210 | D:5      | 4210 ||| FLEEEEING.
  4526 | D:5      | 4526 ||| Stepping ~*~*~tactically~*~*~ (stealth).
  4530 | D:5      | 4530 ||| Stepping ~*~*~tactically~*~*~ (hiding).
  4776 | D:5      | 4776 ||| Stepping ~*~*~tactically~*~*~ (hiding).
  4926 | D:5      | You fall into a shaft and drop 3 floors!
  4932 | D:8      | Noticed a yak
  4936 | D:8      | Noticed a yak
  4936 | D:8      | Noticed a yak
  4939 | D:8      | Killed a yak
  4946 | D:8      | Noticed a hornet
  4950 | D:8      | Killed a yak
  4950 | D:8      | Killed a yak
  4951 | D:8      | Reached skill level 6 in Fighting
  4954 | D:8      | HP: 6/52 [hornet (11)]
  4956 | D:8      | Mangled by a hornet

Levels and vault maps discovered:
D:1:      grunt_arrival_crossed_arrows, layout_basic, minmay_tetromino_t4
D:2:      layout_loops_cross, chequers_serial_rivers_marsh,
          minmay_misc_feat_doors, uniq_sigmund
D:3:      minmay_roachtagon, layout_loops_corners, led_xom_imps,
          mainiacjoe_overflow_alcove_1, ebering_ecumenical_altar_rust
D:4:      layout_cave_pools
D:5:      kennysheep_kobold_camp, layout_rooms, mainiacjoe_overflow_two_lobes,
          chequers_serial_rivers_room_a, moated_statue, hangedman_decor_growths
D:8:      minmay_angry_zag, layout_rooms

Skill      XL: |  1  2  3  4  5  6  7  8 |
---------------+-------------------------+-----
Axes           | 2 3 5 6 7 8 |  8.1
Fighting       | 4 5 6 |  6.9
Dodging        | 1 |  1.0
Throwing       | 1 2 |  2.9
Armour         | |  3.2
Shields        | |  3.2

Action                     |  1- 3 |  4- 6 |  7- 9 || total
---------------------------+-------+-------+-------++-------
  Melee: War axe           |    79 |   129 |   147 ||   355
  Throw: Boomerang         |       |       |    26 ||    26
         Javelin           |       |       |     8 ||     8
    Use: Scroll            |     3 |     4 |       ||     7
         Potion            |       |     3 |       ||     3
 Armour: Scale mail        |    30 |    59 |    24 ||   113
         Chain mail        |       |       |    62 ||    62
  Dodge: Dodged            |    34 |    49 |    77 ||   160
  Block: Buckler           |    18 |    25 |    30 ||    73

Table legend:
 A = Non-vault XP
 B = Vault XP
 C = Vault XP percentage of total XP
 D = Non-vault monster count
 E = Vault monster count
 F = Vault count percentage of total count
                 A         B        C        D         E       F
            +---------+---------+-------+---------+---------+-------
      Total |    1732 |     582 |  25.2 |      90 |      39 |  30.2
            +---------+---------+-------+---------+---------+-------
        D:1 |      19 |       9 |  32.1 |      13 |       4 |  23.5
        D:2 |      24 |     231 |  90.6 |      15 |       1 |   6.2
        D:3 |      39 |     218 |  84.8 |      14 |      14 |  50.0
        D:4 |     855 |       0 |   0.0 |      31 |       0 |   0.0
        D:5 |     171 |     124 |  42.0 |      14 |      20 |  58.8
        D:8 |     624 |       0 |   0.0 |       3 |       0 |   0.0
            +---------+---------+-------+---------+---------+-------
